 Dungeon Crawl Stone Soup version 0.18-a0-1799-g6250cb2 (webtiles) character file.

5275 Lovchig the Cleaver (level 10, -1/92 HPs)
             Began as a Deep Dwarf Fighter on Apr 22, 2016.
             Was a Believer of Nemelex Xobeh.
             Slain by a killer bee (2 damage)
             ... on level 8 of the Dungeon on Apr 23, 2016.
             The game lasted 02:27:59 (8274 turns).

Lovchig the Cleaver (Deep Dwarf Fighter)            Turns: 8274, Time: 02:27:59

Health: -1/92      AC: 23    Str: 22    XL:     10   Next: 36%
Magic:  10/10      EV:  7    Int: 10    God:    Nemelex Xobeh [**....]
Gold:   487        SH: 11    Dex: 12    Spells: 0 memorised, 9 levels left

rFire  . . .     SeeInvis .     y - +3 hand axe (flame)
rCold  + . .     Gourm    .     o - +0 plate armour
rNeg   . . .     Faith    +     c - +0 shield
rPois  .         Spirit   .     (no helmet)
rElec  .         Dismiss  .     (no cloak)
rCorr  .         Reflect  .     h - +0 pair of gloves
SustAt .         Harm     .     P - +0 pair of boots
MR     +....                    m - amulet of faith
Stlth  ..........               C - +1 ring of slaying
                                B - +1 ring of protection

@: lethally poisoned (-1 -> -1), non-regenerating, somewhat resistant to hostile
enchantments, extremely unstealthy
A: damage resistance, recharge devices, iridescent scales 1, yellow scales 1,
blurry vision 1, cold resistance 1, sense surroundings 2, slow regeneration 3
a: Device Recharging, Renounce Religion


You were on level 8 of the Dungeon.
You worshipped Nemelex Xobeh.
Nemelex Xobeh was pleased with you.
You were not hungry.

You visited 2 branches of the dungeon, and saw 9 of its levels.

You collected 487 gold pieces.

Inventory:

Hand Weapons
 a - a +0 war axe
 q - a +2 hunting sling of evasion
 y - a +3 hand axe of flaming (weapon)
Missiles
 N - 5 tomahawks of returning (quivered)
Armour
 c - a +0 shield (worn)
 h - a +0 pair of gloves (worn)
 o - a +0 plate armour (worn)
 F - a +0 chain mail
 P - a +0 pair of boots (worn)
Magical Staves
 x - an uncursed staff of cold {unknown}
 G - a cursed staff of poison
Jewellery
 k - an uncursed ring of poison resistance
 m - an amulet of faith (around neck)
 n - an uncursed ring of magical power
 p - an uncursed amulet of rage {unknown}
 B - a +1 ring of protection (left hand)
 C - a +1 ring of slaying (right hand)
 H - an uncursed ring of teleportation
 U - the amulet of Fatigue {+Rage +Inv +Fly rElec MR++}
   (You found it on level 6 of the Dungeon)

   [amulet of rage]

   It insulates you from electricity.
   It affects your resistance to hostile enchantments.
   It lets you turn invisible.
   It lets you fly.
   It lets you go berserk.
Wands
 b - a wand of digging (5/24)
 e - a wand of heal wounds (0/9)
 w - a wand of disintegration (18/24)
 D - a wand of polymorph (10/24)
 Q - a wand of flame (30/48)
 Y - a wand of teleportation (6/9)
Scrolls
 g - a scroll of teleportation
 r - 2 scrolls of immolation
 u - a scroll of fear
 E - a scroll of identify
 K - a scroll of random uselessness
 L - 5 scrolls of remove curse
 W - 4 scrolls of noise
 X - a scroll of amnesia
Potions
 d - 2 potions of might
 l - 3 potions of lignification
 t - a potion of haste
 v - a potion of brilliance
 I - a potion of flight
 J - 2 potions of agility
Books
 T - a book of Fire

   Spells                             Type                      Level
   a - Ignite Poison                  Fire/Transmutation/Poison    3
   b - Fireball                       Conjuration/Fire             5
   c - Bolt of Fire                   Conjuration/Fire             6
   d - Delayed Fireball               Conjuration/Fire             7
   e - Ring of Flames                 Charms/Fire                  7
 V - a book of Spatial Translocations

   Spells                             Type                      Level
   a - Apportation                    Translocation                1
   b - Blink                          Translocation                2
   c - Shroud of Golubria             Charms/Translocation         2
   d - Portal Projectile              Translocation                3
   e - Teleport Other                 Translocation                3
   f - Passage of Golubria            Translocation                4
Miscellaneous
 j - a plain deck of war
 z - an ornate deck of war {drawn: 3}
 M - a plain deck of escape
 Z - a plain deck of destruction
Comestibles
 f - 2 bread rations
 i - 3 meat rations
 s - a fruit
 A - a slice of pizza
 R - a beef jerky


   Skills:
 * Level 6.4 Fighting
 * Level 9.2 Axes
 * Level 8.6 Armour
 * Level 5.7 Dodging
 * Level 8.3 Shields
 + Level 1.6 Evocations


You had 9 spell levels left.
You didn't know any spells.

Dungeon Overview and Level Annotations

Branches:
Dungeon (8/15)             Temple (1/1) D:4
   Lair: D:8-11

Altars:
Ashenzari
Elyvilon
Fedhas
Gozag
Kikubaaqudgha
Makhleb
Nemelex Xobeh
Okawaru
Pakellas
Qazlal
Ru
Sif Muna
Trog
Vehumet
Xom
Yredelemnul
Zin
The Shining One

Shops:
D:6 *   D:7 }


Innate Abilities, Weirdness & Mutations

You are resistant to damage.
You can recharge devices by infusing magical energy.
You passively map the area around you.
You do not regenerate naturally.
You are partially covered in iridescent scales (AC +4).
You are partially covered in yellow scales (AC +2).
Scrolls take you a little longer to read.
Your flesh is cold resistant.


Message History

The killer bee stings you but does no damage.
You block the killer bee's attack.
You miss the killer bee. You block the killer bee's attack.
The killer bee completely misses you.
You slash the killer bee! You burn the killer bee.
The killer bee is heavily wounded.
The killer bee stings you.
* * * LOW HITPOINT WARNING * * *
You closely miss the killer bee.
The killer bee is heavily wounded.
The killer bee stings you.
* * * LOW HITPOINT WARNING * * *
You are poisoned.
The killer bee poisons you!
The killer bee stings you but does no damage.
You miss the killer bee.
The killer bee is heavily wounded.
You block the killer bee's attack. The killer bee stings you.
You die...
Your body glows slightly and disappears.

..# #.##....#
..## #.#######
.(.# #.# ##.#
#.# #.# #.#
#.## #.#
###### #..#
#.#####....#
##.##
#.#...y....#
#..#
#.#.###@...#
####.## #.#.#
#....# ..##..#
#.#.# #....#
#.###.####.#.#
#....# #.#
#........#
#....# #.#
##..##.###
#....# #.#
#..##.# ##.###
#.# #..##.#
#.#
#.####..##.#
####.#


You could see a killer bee.

Vanquished Creatures
  The ghost of eragonby the Blocker, a novice MiFi of Okawaru (D:8)
  The ghost of bollicks1999 the Covert, a novice OpAs (D:5)
  Joseph (D:8)
  A queen bee (D:8)
  Grinder (D:3)
  Prince Ribbit (D:7)
  Menkaure (D:7)
  3 orc warriors
  A sky beast (D:8)
  An ice beast (D:8)
  A necrophage (D:5)
  4 ogres
  3 phantoms
  2 centaurs (D:5)
  A scorpion (D:8)
  19 killer bees (D:8)
  A water moccasin skeleton (D:5)
  2 howler monkeys
  2 crimson imps
  A centaur zombie (D:5)
  2 orc priests
  2 centaur skeletons (D:7)
  A jelly (D:7)
  5 hounds
  A giant frog skeleton (D:5)
  3 iguanas
  4 orc wizards
  4 worker ants
  A worker ant zombie (D:6)
  5 adders
  4 gnolls (D:4)
  An ooze (D:3)
  An adder skeleton (D:3)
  3 worms
  2 dart slugs (D:1)
  6 giant geckos
  21 orcs
  3 ball pythons
  8 bats
  4 giant cockroaches
  8 goblins
  17 hobgoblins
  20 jackals
  4 quokkas
  5 giant newts
  A jackal zombie (D:5)
  8 kobolds
  4 rats
196 creatures vanquished.

Vanquished Creatures (collateral kills)
  A scorpion (D:4)
  An orc priest (D:4)
  2 orcs
4 creatures vanquished.

Grand Total: 200 creatures vanquished

Notes
Turn   | Place    | Note
--------------------------------------------------------------
     0 | D:1      | Lovchig the Deep Dwarf Fighter began the quest for the Orb.
     0 | D:1      | Reached XP level 1. HP: 20/20 MP: 1/1
   224 | D:1      | Reached XP level 2. HP: 27/27 MP: 2/2
   550 | D:1      | Reached XP level 3. HP: 30/34 MP: 3/3
   886 | D:1      | Upgraded the game from 0.18-a0-1797-gc18daef to 0.18-a0-1799-g6250cb2
  1592 | D:2      | Reached skill level 3 in Axes
  1655 | D:2      | Reached XP level 4. HP: 32/42 MP: 4/4
  2337 | D:3      | Reached skill level 1 in Dodging
  2469 | D:3      | Reached XP level 5. HP: 23/49 MP: 5/5
  2570 | D:3      | Found a blossoming altar of Fedhas.
  2572 | D:3      | Noticed Grinder
  2617 | D:3      | HP: 2/49 [Grinder/nerve-wracking pain (12)]
  2621 | D:3      | Killed Grinder
  2621 | D:3      | Reached skill level 4 in Axes
  2621 | D:3      | Reached XP level 6. HP: 34/57 MP: 6/6
  3222 | D:4      | Found a staircase to the Ecumenical Temple.
  3250 | D:4      | Reached skill level 5 in Shields
  3255 | D:4      | Got a brightly glowing falchion
  3262 | Temple   | Entered the Ecumenical Temple
  3430 | Temple   | Became a worshipper of Nemelex Xobeh the Trickster
  3551 | D:4      | Received a gift from Nemelex Xobeh
  3600 | D:4      | Reached XP level 7. HP: 32/64 MP: 7/7
  3767 | D:4      | Reached skill level 5 in Axes
  3767 | D:4      | Reached skill level 5 in Armour
  4551 | D:5      | Entered Level 5 of the Dungeon
  4834 | D:5      | Noticed bollicks1999's ghost (novice OpAs)
  4844 | D:5      | Reached skill level 6 in Axes
  4844 | D:5      | Reached XP level 8. HP: 47/73 MP: 8/8
  4883 | D:5      | Killed bollicks1999's ghost
  4883 | D:5      | Reached skill level 1 in Evocations
  4946 | D:5      | Reached * piety under Nemelex Xobeh
  4958 | D:5      | Received a gift from Nemelex Xobeh
  4976 | D:5      | Found a shattered altar of Ashenzari.
  4984 | D:5      | Reached skill level 5 in Fighting
  5592 | D:6      | Found a radiant altar of Vehumet.
  5616 | D:6      | Found Zin's Purification Station.
  5616 | D:6      | Found a glowing silver altar of Zin.
  5700 | D:6      | Found a deep blue altar of Sif Muna.
  5722 | D:6      | Found a sacrificial altar of Ru.
  5733 | D:6      | Got a smoking jade amulet
  5736 | D:6      | Identified the amulet of Fatigue {+Rage +Inv +Fly rElec MR++} (You found it on level 6 of the Dungeon)
  5850 | D:6      | Gained mutation: You passively map the area around you. [Deep Dwarf growth]
  5850 | D:6      | Reached XP level 9. HP: 40/81 MP: 9/9
  5862 | D:6      | Reached skill level 7 in Axes
  5993 | D:6      | Gained mutation: Scrolls take you a little longer to read. [potion of mutation]
  5993 | D:6      | Gained mutation: You are partially covered in yellow scales (AC +2). [potion of mutation]
  5993 | D:6      | Gained mutation: You are partially covered in iridescent scales (AC +4). [potion of mutation]
  6093 | D:6      | Received a gift from Nemelex Xobeh
  6609 | D:7      | Found Wasick's Gadget Shoppe.
  6627 | D:7      | Noticed Prince Ribbit
  6724 | D:7      | Noticed Menkaure
  6740 | D:7      | Killed Menkaure
  6765 | D:7      | Gained mutation: Your flesh is cold resistant. [potion of beneficial mutation]
  6816 | D:7      | Reached ** piety under Nemelex Xobeh
  6816 | D:7      | Found a deep blue altar of Sif Muna.
  6843 | D:7      | Killed Prince Ribbit
  7150 | D:7      | Found a shattered altar of Ashenzari.
  7349 | D:8      | Noticed Joseph
  7376 | D:8      | Killed Joseph
  7376 | D:8      | Reached skill level 8 in Axes
  7376 | D:8      | Reached skill level 5 in Dodging
  7495 | D:8      | Noticed eragonby's ghost (novice MiFi)
  7537 | D:8      | Killed eragonby's ghost
  7543 | D:8      | Received a gift from Nemelex Xobeh
  7545 | D:8      | Reached XP level 10. HP: 50/91 MP: 11/11
  7787 | D:8      | Reached skill level 9 in Axes
  8272 | D:8      | HP: 2/92 [killer bee (3)]
  8274 | D:8      | Slain by a killer bee

Vault maps used:
D:1:      lightli_arrival_maybe_door_vault, hangedman_feature_mirror
D:2:      first_bread
D:3:      fedhas_altar_1, uniq_grinder
D:4:      minmay_temple_entry_large_hall
D:5:      cheibrodos_ashenzari_chains
D:6:      kennysheep_mini, zin_purify, vehumet_altar_wand_db,
          nicolae_overflow_crystal_walls
D:7:      lemuel_crystal_altar, serial_shops, nicolae_shop_crystal, basic_altar,
          uniq_prince_ribbit1, uniq_menkaure
D:8:      david_nohive_1, grunt_tough_drop, uniq_joseph
Temple:   dpeg_five_rooms_temple_12

Skill      XL: |  1  2  3  4  5  6  7  8  9 10 |
---------------+-------------------------------+-----
Fighting       | 3 4 5 6 |  6.4
Axes           | 3 4 6 8 9 |  9.2
Shields        | 4 5 6 7 8 |  8.3
Dodging        | 1 2 3 4 5 |  5.7
Armour         | 4 5 6 8 |  8.6
Evocations     | 1 |  1.6

Action                   |  1- 3 |  4- 6 |  7- 9 | 10-12 || total
-------------------------+-------+-------+-------+-------++-------
Melee: War axe           |   117 |   102 |       |       ||   219
       Hand axe          |       |    83 |   436 |   128 ||   647
Throw: Tomahawk          |       |       |       |     1 ||     1
 Abil: Device Recharging |       |       |       |     1 ||     1
Evoke: Wand              |       |     3 |     5 |     1 ||     9
       Deck              |       |     1 |     2 |       ||     3
  Use: Scroll            |       |     6 |    10 |     1 ||    17
       Potion            |       |       |    12 |     3 ||    15
  Eat: Bread ration      |     1 |     1 |     3 |     1 ||     6
Armor: Scale mail        |    26 |       |       |       ||    26
       Plate armour      |    44 |    85 |   184 |   101 ||   414
       Skin              |       |       |       |     4 ||     4
Dodge: Dodged            |    28 |    35 |    63 |    45 ||   171
Block: Shield            |    76 |   108 |   164 |    95 ||   443
